[Event "Lliga Catalana Relegation 2024"]
[Site "Catalonia"]
[Date "2024.04.06"]
[Round "1.10"]
[White "Martinez Lopez, Carlos"]
[Black "Mulet Polo, Pau"]
[Result "1-0"]
[ECO "B38"]
[WhiteElo "2022"]
[BlackElo "1844"]
[Annotator "RC"]
[PlyCount "85"]
[EventDate "2024.01.18"]
[EventType "team-tourn"]
[EventCountry "ESP"]
[SourceTitle "playchess.com"]
[Source "ChessBase"]
[SourceQuality "1"]
[TimeControl "5400+30"]

1. e4 c5 2. Nf3 Nc6 3. d4 cxd4 4. Nxd4 g6 5. c4 Nf6 6. Nc3 d6 7. Be2 Bg7 8. Be3 O-O 9. O-O Bd7 10. Re1 Nxd4 11. Bxd4 Bc6 12. Qc2 a5 13. b3 Nd7 14. Bxg7 Kxg7 15. Rad1 Qb6 16. Bf1 Ne5 17. h3 a4 18. Re3 axb3 19. axb3 Ra3 20. Nb1 Ra1 21. Qc3 Qa5 22. b4 Qa2 23. Re2 Qa7 24. c5 f6 25. cxd6 exd6 26. Ree1 Rd8 27. b5 Be8 28. b6 Qa5 29. Qc7+ Rd7 30. Qc8 Bf7 31. Qc3 Qxc3 32. Nxc3 Rxd1 33. Rxd1 Bb3 34. Rc1 Kf7 35. f4 Nc6 36. Bb5 Rd8 37. Ne2 d5 38. Bxc6 bxc6 39. Nd4 Ba4 40. Rxc6 dxe4 41. Rc7+ Kg8 42. b7 Bd7 43. Rxd7 1-0

[Event "Lliga Catalana Relegation 2024"]
[Site "Catalonia"]
[Date "2024.04.06"]
[Round "1.10"]
[White "Mulet Polo, Pau"]
[Black "Martinez Lopez, Carlos"]
[Result "*"]
[ECO "B38"]
[WhiteElo "1844"]
[BlackElo "2022"]
[Annotator "NA RC"]
[PlyCount "31"]
[EventDate "2024.01.18"]
[EventType "team-tourn"]
[EventCountry "ESP"]
[SourceTitle "playchess.com"]
[Source "ChessBase"]
[SourceQuality "1"]
[TimeControl "5400+30"]

1. e4 c5 2. Nf3 Nc6 3. d4 cxd4 4. Nxd4 g6 5. c4 Nf6 6. Nc3 d6 7. Be2 Bg7 8. Be3 O-O 9. O-O Bd7 10. Re1 Nxd4 11. Bxd4 Bc6 12. Qc2 a5 13. b3 Nd7 14. Bxg7 Kxg7 15. Rad1 Qb6 16. Bf1 *

[Event "Lliga Catalana Relegation 2024"]
[Site "Catalonia"]
[Date "2024.04.13"]
[Round "4.1"]
[White "Sabria Batlle, Pol"]
[Black "Gomez Anadon, Daniel"]
[Result "1/2-1/2"]
[ECO "B50"]
[WhiteElo "2290"]
[BlackElo "2138"]
[Annotator "RC"]
[PlyCount "35"]
[EventDate "2024.01.18"]
[EventType "team-tourn"]
[EventCountry "ESP"]
[SourceTitle "playchess.com"]
[Source "ChessBase"]
[SourceQuality "1"]
[TimeControl "5400+30"]

1. e4 c5 2. Nf3 d6 3. c3 Nf6 4. h3 g6 5. Bd3 Bg7 6. Bc2 O-O 7. O-O Nc6 8. d4 cxd4 9. cxd4 d5 10. e5 Ne4 11. Nc3 Nxc3 12. bxc3 Na5 13. Re1 Bd7 14. Ng5 Rc8 15. Qf3 Be6 16. h4 Qd7 17. Nxe6 Qxe6 18. h5 1/2-1/2

[Event "Lliga Catalana Relegation 2024"]
[Site "Catalonia"]
[Date "2024.04.13"]
[Round "4.1"]
[White "Garcia Caro, Juan Alber"]
[Black "Luke Brezmes, Cristofer"]
[Result "1/2-1/2"]
[ECO "A46"]
[WhiteElo "2174"]
[BlackElo "2067"]
[Annotator "RC"]
[PlyCount "24"]
[EventDate "2024.01.18"]
[EventType "team-tourn"]
[EventCountry "ESP"]
[SourceTitle "playchess.com"]
[Source "ChessBase"]
[SourceQuality "1"]
[TimeControl "5400+30"]

1. d4 d6 2. Nf3 Nf6 3. Bg5 Nbd7 4. Nbd2 e5 5. e4 Be7 6. Bc4 c6 7. c3 Qc7 8. h3 b5 9. Bd3 a6 10. O-O h6 11. Be3 g5 12. a4 Rb8 1/2-1/2

[Event "Lliga Catalana Relegation 2024"]
[Site "Catalonia"]
[Date "2024.04.13"]
[Round "4.1"]
[White "Gonzalez Garcia, Marc"]
[Black "Aymerich Verdaguer, Eduard"]
[Result "1/2-1/2"]
[ECO "D00"]
[WhiteElo "2143"]
[BlackElo "2190"]
[Annotator "RC"]
[PlyCount "21"]
[EventDate "2024.01.18"]
[EventType "team-tourn"]
[EventCountry "ESP"]
[SourceTitle "playchess.com"]
[Source "ChessBase"]
[SourceQuality "1"]
[TimeControl "5400+30"]

1. d4 Nf6 2. Nf3 g6 3. Nc3 d5 4. Bf4 Bg7 5. Nb5 Na6 6. e3 Bg4 7. Be2 Bxf3 8. Bxf3 O-O 9. O-O c6 10. Nc3 Re8 11. Nb1 1/2-1/2

[Event "Lliga Catalana Relegation 2024"]
[Site "Catalonia"]
[Date "2024.04.13"]
[Round "4.1"]
[White "Triadu Cassa, Jordi"]
[Black "Guerra Reig, Juan"]
[Result "1/2-1/2"]
[ECO "B17"]
[WhiteElo "2113"]
[BlackElo "2031"]
[Annotator "RC"]
[PlyCount "24"]
[EventDate "2024.01.18"]
[EventType "team-tourn"]
[EventCountry "ESP"]
[SourceTitle "playchess.com"]
[Source "ChessBase"]
[SourceQuality "1"]
[TimeControl "5400+30"]

1. e4 c6 2. d4 d5 3. Nc3 dxe4 4. Nxe4 Nd7 5. Bd3 Ngf6 6. Ng5 e6 7. N1f3 h6 8. Ne4 Nxe4 9. Bxe4 Nf6 10. Bd3 Bd6 11. Qe2 Qc7 12. Bd2 b6 1/2-1/2

[Event "Lliga Catalana Relegation 2024"]
[Site "Catalonia"]
[Date "2024.04.13"]
[Round "4.1"]
[White "Mateu Guiu, Esteve"]
[Black "Molina Carretero, Daniel"]
[Result "1/2-1/2"]
[ECO "E05"]
[WhiteElo "2068"]
[BlackElo "2174"]
[Annotator "RC"]
[PlyCount "48"]
[EventDate "2024.01.18"]
[EventType "team-tourn"]
[EventCountry "ESP"]
[SourceTitle "playchess.com"]
[Source "ChessBase"]
[SourceQuality "1"]
[TimeControl "5400+30"]

1. d4 Nf6 2. c4 e6 3. g3 d5 4. Nf3 Be7 5. Bg2 O-O 6. O-O dxc4 7. Na3 Bxa3 8. bxa3 b5 9. a4 a6 10. Ba3 Re8 11. Ne5 Nd5 12. e4 Nf6 13. Nxf7 Kxf7 14. e5 Nd5 15. Qh5+ Kg8 16. Be4 g6 17. Bxg6 Re7 18. Bxe7 Qxe7 19. Bxh7+ Qxh7 20. Qe8+ Kg7 21. Qxc8 Qg8 22. Qb7 Nd7 23. axb5 axb5 24. Qxc7 Rb8 1/2-1/2

[Event "Lliga Catalana Relegation 2024"]
[Site "Catalonia"]
[Date "2024.04.13"]
[Round "4.1"]
[White "Ribera Baztan, Jose"]
[Black "Terry Cuellar, Luis Antonio"]
[Result "1/2-1/2"]
[ECO "B00"]
[WhiteElo "2066"]
[BlackElo "2079"]
[Annotator "RC"]
[PlyCount "25"]
[EventDate "2024.01.18"]
[EventType "team-tourn"]
[EventCountry "ESP"]
[SourceTitle "playchess.com"]
[Source "ChessBase"]
[SourceQuality "1"]
[TimeControl "5400+30"]

1. f4 b6 2. e4 Bb7 3. Nc3 g6 4. Nf3 Bg7 5. d3 e6 6. g3 Ne7 7. Bg2 d5 8. e5 h5 9. d4 Ba6 10. Be3 Nf5 11. Bf2 Qe7 12. Qd2 c5 13. Bf1 1/2-1/2

[Event "Lliga Catalana Relegation 2024"]
[Site "Catalonia"]
[Date "2024.04.13"]
[Round "4.1"]
[White "Dorca Dilme, Ramon"]
[Black "Cortes Lizano, Jesus"]
[Result "1/2-1/2"]
[ECO "A36"]
[WhiteElo "2044"]
[BlackElo "2173"]
[Annotator "RC"]
[PlyCount "26"]
[EventDate "2024.01.18"]
[EventType "team-tourn"]
[EventCountry "ESP"]
[SourceTitle "playchess.com"]
[Source "ChessBase"]
[SourceQuality "1"]
[TimeControl "5400+30"]

1. e4 c5 2. c4 d6 3. Nc3 Nc6 4. g3 g6 5. Bg2 Bg7 6. Nge2 e6 7. O-O Nge7 8. d3 O-O 9. Be3 Nd4 10. Qd2 Qa5 11. Rad1 Nec6 12. Nc1 Re8 13. f4 f5 1/2-1/2